cohdb
Replays
Latest Replays
All Replays
Popular Replays
Top Player Replays
Match Explorer
How It Works
Community
CoH3 Stats
Reddit
Sign in to upload your games and track your stats! →
Sign in with Steam
Match 28987919
Unlisted
Match 28987919
Overview
Messages
Build Orders
End
Panzergrenadier Squad
Selects Armored Support Battlegroup
250 Light Carrier
Panzergrenadier Squad
Construct Light Support Kompanie
Fire Support Elements
Veteran Squad Leaders
2.5-tonne Medical Truck
Assault Mechanized Group
Vehicle Survival Package
Selects Veteran Gunners
Selects Salvage Kits
Construct Panzerarmee Kommand
Selects Panzer Storm
Pak 38 Anti-tank Gun Team
Rapid Advance
Panzer III L Medium Tank
Panzer III L Medium Tank
Selects Stuka Dive Bomb
Wolf 0815
OMJimas
κλητός
LuiSBa
0
0
Comments
sign in to comment!
No comments posted yet!